 Dungeon Crawl Stone Soup version 0.21-a0-38-g95c5c02 (webtiles) character file.

16876 tilp the Geomancer (level 12, -7/75 HPs)
             Began as a Gargoyle Earth Elementalist on May 29, 2017.
             Was an Elder of Vehumet.
             Engulfed by a red draconian's flame (10 damage)
             ... in a volcano.
             The game lasted 01:03:18 (15772 turns).

tilp the Geomancer (Gargoyle Earth Elementalist)   Turns: 15772, Time: 01:03:19

Health: -7/75      AC: 16    Str: 12    XL:     12   Next: 42%
Magic:  10/27      EV: 10    Int: 23    God:    Vehumet [****..]
Gold:   381        SH:  3    Dex: 10    Spells: 18/33 levels left

rFire    . . .     SeeInvis .   N - +3 flail of Mykluca {vamp, rPois rC+}
rCold    + . .     Gourm    +   J - +0 buckler
rNeg     + . .     Faith    .   V - +0 troll leather armour
rPois    ∞         Spirit   .   c - +1 helmet
rElec    +         Reflect  .   (no cloak)
rCorr    .         Harm     .   E - +1 pair of gloves
MR       .....                  (no boots)
Stlth    ++........             T - amulet of the gourmand
Regen    0.7/turn               n - +2 ring of intelligence
MPRegen  0.2/turn               q - +2 ring of slaying

@: about to teleport
A: negative energy resistance 1, electricity resistance, unbreathing,
petrification resistance, rot immunity, AC +8
a: Renounce Religion


You were in a volcano.
You worshipped Vehumet.
Vehumet was greatly pleased with you.
You were not hungry.

You visited 3 branches of the dungeon, and saw 13 of its levels.
You also visited: Volcano.

You collected 738 gold pieces.
You spent 357 gold pieces at shops.

Inventory:

Hand Weapons
 f - a +1 flail of protection
 N - the +3 flail of Mykluca (weapon) {vamp, rPois rC+}
   (You found it on level 9 of the Dungeon)

   It inflicts no extra harm, but heals its wielder when it wounds a living foe.
   It protects you from cold.
   It protects you from poison.
Missiles
 b - 30 stones (quivered)
Armour
 c - a +1 helmet (worn)
 E - a +1 pair of gloves (worn)
 J - a +0 buckler (worn)
 S - a +3 chain mail
 V - a +0 troll leather armour (worn)
Jewellery
 n - a +2 ring of intelligence (left hand)
 q - a +2 ring of slaying (right hand)
 t - an uncursed ring of protection from cold
 y - a +4 ring of dexterity
 H - an uncursed ring of positive energy
 R - an uncursed amulet of rage
 T - an amulet of the gourmand (around neck)
Wands
 i - a wand of flame (30/48)
 j - a wand of polymorph (13/24)
 A - a wand of digging (9/24)
 B - a wand of paralysis (5/24)
 C - a wand of polymorph (10/24)
 F - a wand of paralysis (7/24)
 L - a wand of polymorph (11/24)
Scrolls
 l - 2 scrolls of recharging
 o - a scroll of enchant armour {unknown}
 p - 2 scrolls of teleportation
 r - a scroll of noise {unknown}
 s - 10 scrolls of remove curse
 v - 2 scrolls of fog {unknown}
 z - a scroll of amnesia {unknown}
 I - a scroll of enchant weapon {unknown}
 K - a scroll of torment {unknown}
 O - 2 scrolls of immolation {unknown}
 Q - a scroll of magic mapping {unknown}
Potions
 a - 2 potions of curing
 g - 2 potions of mutation
 h - a potion of degeneration {unknown}
 m - a potion of agility
 u - a potion of haste
 D - a potion of flight {unknown}
 M - 3 potions of might
 U - a potion of cancellation {unknown}
Books
 e - a book of Geomancy

   Spells                             Type                      Level
   a - Sandblast                      Earth                        1
   b - Passwall                       Transmutation/Earth          2
   c - Stone Arrow                    Conjuration/Earth            3
   d - Petrify                        Transmutation/Earth          4
   e - Lee's Rapid Deconstruction     Earth                        5
 G - a book of Callings

   Spells                             Type                      Level
   a - Summon Small Mammal            Summoning                    1
   b - Call Imp                       Summoning                    2
   c - Call Canine Familiar           Summoning                    3
   d - Summon Guardian Golem          Hexes/Summoning              3
   e - Summon Lightning Spire         Summoning/Air                4
   f - Summon Ice Beast               Ice/Summoning                4
Comestibles
 d - 5 bread rations
 k - 14 fruits
 w - 2 royal jellies


   Skills:
 * Level 8.9 Fighting
 * Level 8.8 Maces & Flails
 - Level 1.5 Dodging
 - Level 2.1 Stealth
 + Level 11.4 Spellcasting
 - Level 0.8 Transmutations
 + Level 12.6 Earth Magic


You had 18 spell levels left.
You knew the following spells:

 Your Spells              Type           Power        Failure   Level  Hunger
a - Sandblast             Erth           ######       1%          1    None
b - Passwall              Tmut/Erth      #####.....   1%          2    None
c - Stone Arrow           Conj/Erth      #####.       1%          3    None
d - Lee's Rapid Deconstr  Erth           ######....   1%          5    ####...
e - Petrify               Tmut/Erth      #####...     7%          4    None


Dungeon Overview and Level Annotations

Branches:
Dungeon (10/15)            Temple (1/1) D:6            Lair (0/6) D:8
    Orc (2/2) D:10            Elf (0/3) Orc:2

Altars:
Ashenzari
Cheibriados
Dithmenos
Elyvilon
Fedhas
Gozag
Hepliaklqana
Kikubaaqudgha
Makhleb
Nemelex Xobeh
Okawaru
Qazlal
Ru
Sif Muna
Trog
Uskayaw
Vehumet
Wu Jian
Xom
Yredelemnul
Zin
The Shining One

Shops:
D:5 ?   Orc:1 *


Innate Abilities, Weirdness & Mutations

You are resistant to torment.
Your stone body is resilient. (AC +8)
You are immune to poison.
You resist negative energy. (rN+)
You are resistant to electric shocks. (rElec)
You can survive without breathing.
You are immune to petrification.
You are immune to rotting.


Message History

The yaktaur moves out of view.
You see here a bolt.
Casting: Lee's Rapid Deconstruction
Confirm with . or Enter, or press ? or * to list all spells.
Aiming: Lee's Rapid Deconstruction
Press: ? - help, Dir - move target cursor The wall shatters!
The blast of rock fragments hits the red draconian.
The red draconian is lightly wounded.
The blast of rock fragments hits the yaktaur.
The yaktaur is severely wounded.
The red draconian breathes flames at you.
The searing blast hits you!
* * * LOW HITPOINT WARNING * * *
Unknown command.
You feel better.
You are engulfed in blazing flames.
* * * LOW HITPOINT WARNING * * *
As you read the scroll of teleportation, it crumbles to dust.
You feel strangely unstable.
You are engulfed in blazing flames.
You die...

§≈≈≈≈≈§§§§§§.≈≈§§≈≈≈≈≈≈≈≈≈≈§§≈...
≈≈§≈≈§§≈≈§≈§≈≈≈≈≈≈§≈§§≈≈≈§≈§≈≈≈..
§§§§§§≈§≈§≈§§§≈≈≈§§§§≈≈≈≈§§≈§≈≈§≈
§≈§≈≈≈≈≈§§≈§≈§§§§§§§§≈≈≈≈≈≈§§§≈≈≈
≈§§≈§≈§≈≈≈≈≈≈≈§§≈§§≈§§≈≈≈≈≈≈≈§≈≈≈
§≈§§§≈≈≈≈§≈§≈≈§§≈≈≈§§≈≈≈≈≈≈≈≈≈≈≈≈
≈≈§≈≈≈............§.§....≈§≈≈≈≈≈≈
≈§≈§§≈≈.# ######'########.≈≈≈§≈≈≈
≈§§§§§≈.# #@# #§§§≈§≈≈§ §≈§§≈...#
#.# #§≈§≈§≈§≈ ≈≈≈..§≈.# #.#
#.≈≈≈§≈§§ ≈..≈§§≈.# #d# #.≈§≈§§§§
§≈≈≈§§§.######.#c#.######.≈§≈§≈≈≈
§§≈§§§≈.#......#.#......#.≈≈§§§≈§
≈≈≈≈≈§§.###++###).##++###.§≈§§§§≈
≈≈§≈≈≈..# .)) #.≈≈≈≈≈≈≈ ≈≈§§≈≈≈.#
.8_8. #.≈≈§≈≈≈≈


You could see a red draconian and a yaktaur.

Vanquished Creatures
  Erolcha (D:10)
  A death yak (D:7)
  4 two-headed ogres
  A centaur warrior (Volcano)
  Pikel (D:7)
  An orc knight (D:10)
  The ghost of anet the Magician, a novice DEWz of Ashenzari (D:6)
  A yaktaur (Volcano)
  A komodo dragon (D:10)
  4 trolls (Orc:1)
  A queen bee (D:9)
  Prince Ribbit (D:7)
  Sigmund (D:5)
  A wraith (D:9)
  2 fire bats (Volcano)
  4 yaks
  Menkaure (D:5)
  16 wargs
  2 water moccasins (D:8)
  Duvessa (D:7)
  A sky beast (D:9)
  A hornet zombie (D:9)
  8 orc warriors
  3 ice beasts
  A slave (D:7)
  4 phantoms
  A wolf (D:10)
  6 ogres
  4 centaurs
  2 bullfrogs
  Dowan (D:7)
  2 scorpions
  23 killer bees
  2 electric eels (D:6)
  4 wights (D:8)
  5 howler monkeys
  5 crimson imps
  6 lava snakes (Volcano)
  6 hounds
  3 jellies
  A quasit (D:7)
  8 orc priests
  A gnoll shaman (D:8)
  8 orc wizards
  A centaur skeleton (D:5)
  4 bullfrog skeletons
  A hell rat (D:8)
  3 iguanas
  5 worker ants
  A mummy (D:8)
  Robin (D:3)
  7 gnolls
  A worker ant zombie (D:10)
  A howler monkey skeleton (D:7)
  8 adders
  A shadow imp (D:8)
  An adder zombie (D:6)
  6 adder skeletons
  A worm (D:2)
  2 dart slugs (D:1)
  9 leopard geckos
  39 orcs
  3 bats
  3 giant cockroaches
  19 goblins
  7 hobgoblins
  10 jackals
  6 quokkas
  8 frilled lizards
  7 kobolds
  A leopard gecko skeleton (D:7)
  8 rats
316 creatures vanquished.

Vanquished Creatures (others)
  3 slaves (D:7)
  A bullfrog (D:7)
  An orc wizard (D:9)
5 creatures vanquished.

Grand Total: 321 creatures vanquished

Notes
Turn   | Place    | Note
-------+----------+-------------------------------------------
     0 | D:1      | tilp the Gargoyle Earth Elementalist began the quest for the Orb.
     0 | D:1      | Reached XP level 1. HP: 10/10 MP: 3/3
    82 | D:1      | Reached skill level 4 in Earth Magic
    82 | D:1      | Reached XP level 2. HP: 8/15 MP: 1/5
   533 | D:1      | Reached XP level 3. HP: 19/19 MP: 4/6
  1363 | D:2      | Found an iron altar of Okawaru.
  1604 | D:3      | Reached XP level 4. HP: 24/24 MP: 4/8
  1608 | D:3      | Noticed Robin
  1720 | D:3      | Killed Robin
  1805 | D:3      | Reached XP level 5. HP: 19/28 MP: 3/10
  1856 | D:3      | Found a shadowy altar of Dithmenos.
  1885 | D:3      | Noticed an ogre
  1892 | D:3      | Killed an ogre
  1892 | D:3      | Reached skill level 5 in Earth Magic
  2335 | D:3      | Reached XP level 6. HP: 32/32 MP: 12/12
  2766 | D:3      | Learned a level 2 spell: Passwall
  2946 | D:4      | Reached skill level 5 in Spellcasting
  3147 | D:4      | Learned a level 3 spell: Stone Arrow
  3196 | D:4      | Reached XP level 7. HP: 25/36 MP: 15/15
  3502 | D:4      | Reached skill level 6 in Earth Magic
  3829 | D:5      | Entered Level 5 of the Dungeon
  3829 | D:5      | Found an iron altar of Okawaru.
  3836 | D:5      | Noticed Sigmund
  3841 | D:5      | Killed Sigmund
  3851 | D:5      | Reached skill level 7 in Earth Magic
  3851 | D:5      | Reached XP level 8. HP: 40/41 MP: 12/18
  3988 | D:5      | Noticed Menkaure
  4042 | D:5      | Killed Menkaure
  4358 | D:5      | Found Cotoept's Magic Scroll Shoppe.
  4362 | D:5      | Bought a scroll of teleportation for 33 gold pieces
  4362 | D:5      | Bought a scroll of blinking for 82 gold pieces
  4362 | D:5      | Bought a scroll of remove curse for 33 gold pieces
  4362 | D:5      | Bought a scroll of identify for 22 gold pieces
  4723 | D:6      | Found a deep blue altar of Sif Muna.
  4745 | D:6      | Reached skill level 1 in Maces & Flails
  4849 | D:6      | Noticed anet's ghost (novice DEWz)
  4864 | D:6      | Killed anet's ghost
  4864 | D:6      | Reached skill level 1 in Fighting
  4864 | D:6      | Reached skill level 8 in Earth Magic
  5044 | D:6      | Reached XP level 9. HP: 48/48 MP: 18/21
  5651 | D:6      | Found a staircase to the Ecumenical Temple.
  5664 | Temple   | Entered the Ecumenical Temple
  5700 | Temple   | Became a worshipper of Vehumet
  5973 | D:7      | Noticed Prince Ribbit
  5997 | D:7      | Killed Prince Ribbit
  6004 | D:7      | Noticed Duvessa
  6004 | D:7      | Noticed Dowan
  6010 | D:7      | Killed Duvessa
  6010 | D:7      | Reached skill level 9 in Earth Magic
  6012 | D:7      | Killed Dowan
  6439 | D:7      | Noticed Pikel
  6446 | D:7      | Killed Pikel
  6605 | D:7      | Learned a level 5 spell: Lee's Rapid Deconstruction
  6610 | D:7      | Learned a level 4 spell: Petrify
  6992 | D:8      | Noticed a death yak
  6994 | D:8      | Found a staircase to the Lair.
  6995 | D:8      | Noticed a death yak
  6997 | D:8      | Noticed a death yak
  7517 | D:7      | HP: 1/52 [death yak (25)]
  7524 | D:7      | Killed a death yak
  7524 | D:7      | Reached skill level 5 in Maces & Flails
  7524 | D:7      | Reached XP level 10. HP: 20/58 MP: 2/23
  7818 | D:8      | Reached * piety under Vehumet
  7818 | D:8      | Offered knowledge of Flame Tongue by Vehumet.
  7949 | D:8      | Reached skill level 10 in Earth Magic
  8004 | D:8      | Reached skill level 5 in Fighting
  8626 | D:8      | Found a snail-covered altar of Cheibriados.
  8845 | D:7      | Offered knowledge of Shock by Vehumet.
  9199 | D:9      | Reached ** piety under Vehumet
  9489 | D:9      | Got a slimy flail
  9498 | D:9      | Identified the +3 flail of Mykluca {vamp, rPois rC+} (You found it on level 9 of the Dungeon)
  9551 | D:9      | Noticed a two-headed ogre
  9594 | D:9      | Killed a two-headed ogre
  9653 | D:7      | Noticed a manticore
  9939 | D:9      | Reached skill level 11 in Earth Magic
  9973 | D:9      | Reached XP level 11. HP: 62/64 MP: 24/24
 10099 | D:9      | Reached skill level 10 in Spellcasting
 10315 | D:9      | Offered knowledge of Throw Frost by Vehumet.
 10505 | D:9      | Noticed a two-headed ogre
 10511 | D:9      | Killed a two-headed ogre
 10638 | D:10     | Entered Level 10 of the Dungeon
 11146 | D:9      | Noticed a two-headed ogre
 11189 | D:9      | Killed a two-headed ogre
 11395 | D:10     | Noticed Erolcha
 11401 | D:10     | Killed Erolcha
 11401 | D:10     | Reached *** piety under Vehumet
 11895 | D:10     | Found a staircase to the Orcish Mines.
 12288 | D:10     | Offered knowledge of Ignite Poison by Vehumet.
 12315 | D:10     | Noticed a two-headed ogre
 12325 | D:10     | Killed a two-headed ogre
 12797 | Orc:1    | Entered Level 1 of the Orcish Mines
 13039 | Orc:1    | Reached **** piety under Vehumet
 13053 | Orc:1    | Noticed an orc knight
 13061 | D:10     | Reached skill level 12 in Earth Magic
 13180 | D:10     | Killed an orc knight
 13450 | Orc:1    | Reached XP level 12. HP: 33/74 MP: 22/26
 13795 | D:10     | Offered knowledge of Fulminant Prism by Vehumet.
 14988 | Orc:1    | Found Viggev's Assorted Antiques.
 15098 | Orc:1    | Bought a shiny helmet for 187 gold pieces
 15219 | Orc:2    | Entered Level 2 of the Orcish Mines
 15219 | Orc:2    | Found a staircase to the Elven Halls.
 15353 | Orc:2    | Found a dark tunnel.
 15365 | Volcano  | Entered a volcano
 15759 | Volcano  | Found a radiant altar of Vehumet.
 15759 | Volcano  | Noticed a centaur warrior
 15766 | Volcano  | Killed a centaur warrior
 15767 | Volcano  | Noticed a red draconian
 15771 | Volcano  | HP: 3/75 [red draconian] (8)]
 15772 | Volcano  | Engulfed by a red draconian's flame

Vault maps used:
D:1:      sevenhm_arrival_forest_fort_small_5, minmay_lizard_king
D:2:      okawaru_trees_1
D:3:      first_bread, grunt_dithmenos_smoke_and_mirrors, uniq_robin
D:4:      serial_bayou_ford_a, hangedman_abyss_or_decor_passed,
          minmay_misc_feat_enclosed
D:5:      basic_altar, serial_shops, shop, uniq_sigmund, uniq_menkaure
D:6:      nicolae_overflow_crystal_walls, minmay_temple_entry_enclosed_plants,
          chequers_big_river
D:7:      uniq_duvessa, uniq_pikel, uniq_prince_ribbit1
D:8:      slow_altar_2, dpeg_lair_monsters
D:10:     erik_orc_3, special_room, uniq_erolcha
Temple:   regret_index_temple_chain_breaker
Orc:1:    serial_shops, nicolae_shop_overgrown_old_shop, mines5_lemuel
Orc:2:    pf_orc_diabolical, enter_volcano_1
Volcano:  volcano_lake

Skill      XL: |  1  2  3  4  5  6  7  8  9 10 11 12 |
---------------+-------------------------------------+-----
Earth Magic    | 4 5 7 8 9 11 12 | 12.6
Spellcasting   | 3 4 5 6 8 9 10 11 | 11.4
Maces & Flails | 2 5 6 8 |  8.8
Fighting       | 1 4 6 8 |  8.9
Dodging        | |  1.5
Stealth        | |  2.1
Transmutations | |  0.8

Action                   |  1- 3 |  4- 6 |  7- 9 | 10-12 || total
-------------------------+-------+-------+-------+-------++-------
Melee: Club              |    31 |       |       |       ||    31
       Hand axe          |    20 |       |       |       ||    20
       Dagger            |    27 |       |       |       ||    27
       Mace              |    16 |       |       |       ||    16
       War axe           |     3 |    15 |       |       ||    18
       Flail             |       |    90 |   262 |   493 ||   845
 Cast: Sandblast         |    22 |    49 |    66 |   176 ||   313
       Passwall          |       |     2 |       |       ||     2
       Stone Arrow       |       |       |     5 |       ||     5
       Lee's Rapid Decon |       |       |     1 |    48 ||    49
       Petrify           |       |       |     1 |       ||     1
  Use: Scroll            |       |       |    10 |     2 ||    12
       Potion            |       |       |     2 |     7 ||     9
 Stab: Sleeping          |     1 |     2 |     2 |     1 ||     6
       Distracted        |       |       |     1 |     1 ||     2
  Eat: Chunk             |     3 |     5 |     4 |     9 ||    21
       Royal jelly       |       |       |     2 |     4 ||     6
       Meat ration       |       |       |     2 |     3 ||     5
       Bread ration      |       |       |       |     1 ||     1
Armor: Robe              |    29 |    76 |   144 |   366 ||   615
       Skin              |       |       |     2 |       ||     2
       Troll leather arm |       |       |       |    24 ||    24
Dodge: Dodged            |    68 |   128 |   235 |   460 ||   891
Block: Buckler           |       |       |     3 |   139 ||   142
